Map: Catalyst LE

Players

Neeb - Winner!

  • Race: Protoss Protoss
  • Spawn Location: 5:00

uThermal

  • Race: Terran Terran
  • Spawn Location: 11:00

Event: WESG 2017 Haikou

VOD

Have the link to the VOD?

Description

Time

  • Played on: March 15, 2018, 7:40 a.m.
  • Length: 20:27

All games in this series

Show
View Real Time Build Order
Export as new Build Order

Neeb Protoss - Winner!

Build Orders: 1 Gate Expand, Oracle Opening 

Get SALT Encoding   

  12  0:00  Probe  
  13  0:13  Probe  
  14  0:18  Pylon  
  14  0:25  Probe  
  15  0:37  Probe (Chrono Boost)  
  15  0:39  Assimilator  
  16  0:48  Gateway  
  16  0:49  Probe (Chrono Boost)  
  17  0:56  Probe (Chrono Boost)  
  18  1:03  Probe  
  19  1:15  Probe  
  20  1:27  Nexus  
  20  1:36  Cybernetics Core  
  20  1:38  Probe  
  21  1:47  Assimilator  
  21  1:51  Probe  
  22  1:54  Pylon  
  22  2:03  Probe  
  23  2:11  Adept (Chrono Boost)  
  23  2:15  Probe  
  26  2:26  Stargate  
  26  2:27  Probe  
  26  2:29  Adept (Chrono Boost)  
  29  2:39  Probe  
  29  2:41  Probe  
  31  2:47  Adept (Chrono Boost), Warp Gate  
  33  2:51  Probe  
  33  2:53  Probe  
  35  3:03  Probe  
  35  3:05  Probe  
  37  3:10  Oracle (Chrono Boost)  
  40  3:15  Probe  
  40  3:17  Probe  
  42  3:21  Pylon  
  42  3:27  Probe  
  42  3:30  Gateway  
  42  3:36  Gateway  
  42  3:38  Oracle (Chrono Boost)  
  42  3:39  Probe  
  45  3:42  Probe  
  46  3:52  Probe  
  46  3:54  Probe  
  48  3:57  Pylon  
  48  4:04  Probe  
  48  4:06  Probe  
  48  4:08  Phoenix  
  49  4:15  Assimilator  
  49  4:16  Probe, Pylon  
  49  4:17  Assimilator  
  50  4:18  Probe  
  51  4:26  Nexus  
  51  4:28  Probe  
  51  4:30  Probe  
  53  4:40  Probe, Twilight Council  
  53  4:43  Forge, Probe  
  55  4:52  Probe, Pylon  
  56  4:55  Probe  
  56  4:59  Sentry  
  59  5:00  Sentry  
  59  5:04  Robotics Facility, Pylon  
  59  5:05  Probe  
  62  5:08  Probe  
  62  5:13  Blink (Chrono Boost)  
  62  5:14  Protoss Ground Weapons Level 1 (Chrono Boost)  
  63  5:15  Gateway  
  63  5:20  Gateway  
  63  5:22  Gateway  
  63  5:28  Sentry, Pylon  
  65  5:38  Probe x2  
  65  5:39  Probe  
  68  5:46  Stalker  
  68  5:47  Stalker  
  69  5:54  Shield Battery  
  69  5:55  Immortal (Chrono Boost)  
  69  6:02  Stalker  
  75  6:09  Shield Battery  
  75  6:10  Stalker  
  77  6:11  Stalker  
  77  6:18  Stalker x2  
  83  6:29  Immortal  
  87  6:33  Stalker x2  
  87  6:34  Probe x2  
  87  6:37  Shield Battery  
  93  6:42  Stalker  
  95  6:47  Stalker  
  95  6:48  Stalker  
  95  6:51  Probe x2  
  97  7:09  Stalker x3  
  97  7:12  Stalker  
  100  7:20  Stalker  
  100  7:22  Probe x2  
  90  7:31  Stalker  
  90  7:36  Stalker x2  
  88  7:42  Stalker x2  
  86  7:45  Shield Battery  
  86  7:50  Stalker  
  86  7:55  Probe  
  86  7:56  Probe  
  86  7:57  Protoss Ground Armor Level 1 (Chrono Boost)  
  82  8:00  Probe  
  82  8:01  Sentry x2  
  85  8:07  Probe  
  85  8:09  Probe, Assimilator  
  85  8:12  Pylon  
  88  8:14  Assimilator  
  88  8:17  Zealot x4  
  88  8:19  Probe  
  97  8:21  Probe  
  97  8:22  Immortal (Chrono Boost)  
  97  8:24  Probe  
  97  8:25  Sentry  
  104  8:31  Probe, Pylon  
  104  8:33  Probe  
  106  8:39  Pylon  
  105  8:43  Charge  
  105  8:54  Immortal (Chrono Boost)  
  108  9:02  Probe  
  108  9:03  Nexus  
  108  9:07  Adept, Pylon  
  108  9:08  Adept  
  108  9:11  Stalker x3  
  108  9:15  Gateway  
  114  9:17  Gateway  
  114  9:22  Immortal (Chrono Boost)  
  114  9:25  Probe x2  
  114  9:26  Probe  
  121  9:37  Robotics Bay, Forge, Probe x2  
  123  9:39  Probe  
  124  9:50  Probe, Protoss Ground Weapons Level 2  
  124  9:51  Probe  
  124  9:52  Pylon  
  126  9:55  Probe, Observer (Chrono Boost)  
  128  10:03  Probe  
  129  10:07  Stalker x2, Pylon  
  129  10:10  Pylon  
  129  10:11  Pylon, Protoss Ground Armor Level 2  
  133  10:15  Probe x2  
  133  10:17  Extended Thermal Lance, Pylon  
  135  10:22  Colossus (Chrono Boost)  
  131  10:48  Stalker x8  
  131  11:07  Assimilator  
  131  11:08  Colossus (Chrono Boost), Assimilator  
  137  11:11  Sentry x3, Pylon  
  137  11:12  Stalker x3, Zealot x2  
  152  11:27  Robotics Facility  
  152  11:35  Zealot x8  
  164  11:45  Colossus (Chrono Boost)  
  132  11:47  Probe  
  132  11:48  Probe  
  106  11:57  Zealot x8  
  98  12:09  Pylon  
  98  12:10  Probe x2  
  90  12:18  Stalker x6  
  99  12:30  Stalker x2  
  103  12:41  Nexus  
  103  12:43  Sentry x2  
  107  12:54  Sentry x3  
  107  12:56  Assimilator  
  111  13:02  Colossus (Chrono Boost)  
  111  13:05  Protoss Ground Weapons Level 3 (Chrono Boost)  
  117  13:15  Pylon  
  117  13:16  Probe x3  
  120  13:22  Zealot x2  
  120  13:27  Observer  
  125  13:31  Stalker x2  
  125  13:32  Zealot  
  131  13:36  Zealot  
  131  13:40  Probe  
  136  13:51  Stalker x3  
  138  14:06  Stalker  
  138  14:07  Stalker  
  134  14:21  Stalker x2  
  134  14:22  Stalker x4  
  110  14:43  Stalker x2  
  106  14:52  Stalker x3  
  106  14:53  Stalker x3  
  106  14:59  Probe x3  
  121  15:08  Stalker x2  
  121  15:13  Stalker  
  125  15:28  Probe  
  125  15:29  Stalker x6  
  132  15:47  Zealot x2  
  136  15:50  Templar Archives  
  136  15:51  Probe x3  
  136  15:52  Probe  
  136  15:55  Stalker x6  
  152  16:03  Probe x2  
  154  16:07  Psionic Storm  
  154  16:17  Immortal x2 (Chrono Boost)  
  161  16:26  High Templar x4  
  161  16:28  Zealot  
  161  16:32  Stalker  
  169  16:49  Nexus  
  169  16:58  Zealot x5  
  175  17:11  Zealot x3  
  158  17:29  High Templar x3  
  164  17:31  Pylon  
  164  17:32  Pylon  
  164  17:36  Archon  
  162  17:52  Nexus  
  149  18:07  Stalker x2  
  149  18:32  High Templar x2  
  149  18:33  High Templar x4  
  157  18:34  Zealot x2  
  161  18:45  Archon x2  
  161  18:55  Archon  
  115  19:09  Zealot, High Templar x2  
  117  19:10  Zealot x4  
  125  19:26  Stalker  
  125  19:44  Zealot, High Templar x2  
  125  19:45  Zealot x4  
  139  19:49  Archon  
  136  19:57  Stalker  
Show
View Real Time Build Order
Export as new Build Order

uThermal Terran 

Build Orders: Reaper Expand, MMM Bio 

Get SALT Encoding   

  12  0:01  SCV  
  13  0:13  SCV  
  14  0:17  Supply Depot  
  14  0:25  SCV  
  15  0:39  SCV  
  15  0:40  Barracks  
  16  0:44  Refinery  
  16  0:51  SCV  
  17  1:03  SCV  
  18  1:15  SCV  
  19  1:31  Reaper  
  19  1:32  Orbital Command  
  20  1:43  Command Center  
  20  1:55  Supply Depot  
  20  1:57  SCV  
  21  2:03  Marine  
  22  2:09  SCV  
  22  2:13  Factory  
  23  2:17  Refinery  
  23  2:23  Barracks Reactor  
  23  2:24  SCV  
  24  2:36  SCV  
  25  2:48  SCV  
  26  2:57  Orbital Command  
  26  2:58  Widow Mine  
  28  2:59  Marine, Starport  
  28  3:00  Marine  
  28  3:01  SCV  
  31  3:13  SCV  
  31  3:17  Marine x2  
  31  3:19  Barracks  
  33  3:20  Widow Mine  
  33  3:23  SCV  
  33  3:26  SCV  
  37  3:35  Viking  
  37  3:37  Marine x2  
  37  3:39  SCV  
  37  3:40  SCV  
  43  3:45  Supply Depot  
  43  3:46  Factory Tech Lab  
  43  3:51  SCV  
  43  3:52  SCV  
  45  3:57  Barracks  
  45  3:58  Marine  
  45  4:02  Marine  
  46  4:06  SCV x2  
  48  4:10  Starport Tech Lab  
  48  4:15  Supply Depot  
  48  4:17  Factory Reactor  
  48  4:18  Stimpack  
  48  4:19  SCV x2, Marine  
  48  4:22  Marine x2  
  53  4:29  Supply Depot  
  53  4:31  SCV  
  54  4:37  SCV, Starport Reactor  
  55  4:39  Refinery, Engineering Bay  
  55  4:40  Marine  
  55  4:41  Marine  
  55  4:42  Marine  
  58  4:47  SCV  
  58  4:48  Supply Depot  
  58  4:49  SCV  
  60  4:59  Combat Shields, SCV  
  61  5:00  Marauder, Marine x2  
  61  5:03  Supply Depot  
  65  5:07  Terran Infantry Weapons Level 1  
  65  5:09  SCV  
  65  5:10  Widow Mine  
  65  5:12  Widow Mine  
  70  5:16  Marine  
  71  5:21  Refinery  
  71  5:22  Marauder  
  71  5:23  SCV  
  71  5:24  Supply Depot  
  71  5:25  SCV  
  71  5:27  Medivac  
  77  5:30  Medivac  
  77  5:33  Widow Mine  
  81  5:36  Widow Mine  
  81  5:37  Marine  
  81  5:38  Marauder  
  86  5:46  Supply Depot  
  86  5:49  Marauder, Marine  
  89  5:55  Marine, Widow Mine  
  92  5:57  Medivac  
  92  6:03  Supply Depot  
  94  6:07  Marine, Medivac  
  94  6:08  Marauder, Widow Mine  
  101  6:19  Concussive Shells  
  101  6:23  Command Center, Widow Mine  
  102  6:29  Marine x2, Widow Mine  
  102  6:30  Marauder x2  
  110  6:34  Supply Depot  
  110  6:38  Supply Depot  
  110  6:51  Supply Depot  
  110  6:52  Liberator x2  
  110  6:55  Marine x2  
  110  6:56  Marauder, Widow Mine x2  
  112  7:12  Barracks  
  112  7:14  Barracks  
  113  7:21  Widow Mine  
  104  7:23  Marine  
  104  7:24  Marauder  
  104  7:29  Marauder, Marine  
  95  7:39  Widow Mine  
  95  7:41  Marine  
  95  7:43  Orbital Command, Widow Mine  
  92  7:45  Marauder, SCV  
  73  7:59  Marauder, Marine  
  73  8:01  Widow Mine, Medivac  
  73  8:02  Medivac  
  76  8:07  Barracks Tech Lab, Barracks Reactor  
  76  8:08  SCV  
  76  8:10  SCV  
  76  8:11  SCV  
  79  8:15  Liberator  
  79  8:16  Marine  
  79  8:17  Marine  
  79  8:18  Marine  
  82  8:20  SCV  
  82  8:22  SCV  
  82  8:23  SCV  
  82  8:24  Widow Mine  
  82  8:25  Widow Mine  
  89  8:27  Marine  
  89  8:28  Marauder  
  89  8:32  SCV  
  95  8:34  SCV  
  95  8:35  Terran Infantry Armor Level 1  
  95  8:36  SCV  
  95  8:39  Marine  
  97  8:44  Marine  
  97  8:45  SCV, Marine  
  97  8:46  SCV, Marine  
  97  8:48  SCV, Marine  
  106  8:52  Marauder, Marine  
  106  8:57  Marine  
  106  9:01  Widow Mine  
  109  9:06  Marine  
  109  9:07  Marauder, Barracks Tech Lab  
  109  9:08  SCV x2  
  114  9:10  Marauder  
  116  9:19  SCV  
  116  9:20  SCV  
  116  9:23  SCV  
  115  9:28  Refinery x2  
  115  9:29  Marine x2  
  115  9:30  Marauder x2  
  121  9:34  Factory Reactor, Medivac x2  
  121  9:36  SCV  
  126  9:39  Armory  
  126  9:41  Marauder, Marine, Engineering Bay  
  126  9:43  SCV, Command Center  
  130  9:47  Marine  
  130  9:48  SCV, Marine  
  130  9:51  Marauder x2  
  137  9:52  Liberator  
  137  9:53  Liberator  
  137  9:55  Missile Turret  
  137  9:57  Missile Turret  
  137  9:58  Marine  
  138  10:02  Marine  
  138  10:03  Supply Depot  
  138  10:05  Marine  
  138  10:06  Marine  
  141  10:12  Marauder  
  149  10:17  Marine  
  149  10:24  Supply Depot  
  149  10:25  Marauder, Marine x2, Widow Mine x2  
  157  10:31  Supply Depot  
  157  10:32  Terran Infantry Weapons Level 2  
  157  10:35  Marauder  
  154  10:36  Marauder, Liberator  
  141  10:43  Marine  
  141  10:44  Marauder, Marine  
  141  10:47  Marauder, Widow Mine x2  
  145  10:56  Marine  
  149  10:57  Marauder, Planetary Fortress  
  149  11:01  Marine  
  149  11:02  Marine  
  153  11:05  Marauder  
  153  11:07  Marine  
  156  11:14  Marauder, Liberator  
  156  11:16  Widow Mine x2  
  156  11:18  Marine  
  162  11:19  Marine x2, Liberator  
  161  11:26  Marauder  
  161  11:27  Marauder  
  167  11:35  Marauder  
  167  11:36  Marine  
  167  11:37  Marine x2  
  158  11:47  Marauder, Marine  
  144  11:54  Marauder  
  144  11:56  Marine  
  144  11:57  Marauder  
  144  11:58  Marine  
  142  12:04  Widow Mine  
  142  12:06  Marauder  
  142  12:08  Marine  
  132  12:10  Terran Infantry Armor Level 2  
  132  12:14  Marine  
  134  12:15  Marauder  
  134  12:16  Marine  
  134  12:18  Marauder, Medivac  
  134  12:19  Medivac  
  138  12:25  Barracks  
  138  12:26  Marauder  
  138  12:27  Marine, Barracks x2  
  137  12:32  Marine  
  137  12:34  Marine  
  140  12:37  Marauder  
  140  12:40  Marauder  
  135  12:45  Marauder  
  135  12:47  Marine  
  135  12:48  Medivac  
  135  12:49  Marine, Medivac  
  136  12:52  Marine  
  136  12:54  Terran Infantry Weapons Level 3  
  137  12:58  Marauder  
  137  13:01  Marauder  
  137  13:05  SCV, Marine  
  134  13:06  Marauder  
  134  13:07  Marine  
  134  13:10  Marine  
  136  13:13  Barracks Tech Lab  
  136  13:14  Barracks Tech Lab, Barracks Reactor  
  136  13:19  Medivac x2  
  142  13:20  Marauder  
  142  13:21  Widow Mine x2  
  142  13:22  Marauder  
  142  13:23  Marine  
  142  13:25  Marine  
  150  13:28  Marauder  
  150  13:33  Ghost Academy, Marine  
  150  13:34  Marauder, Marine  
  160  13:41  Marauder x2  
  160  13:43  Marine, Widow Mine x2  
  160  13:44  Marauder  
  160  13:45  Supply Depot  
  160  13:46  Sensor Tower, Supply Depot  
  166  13:50  Marine  
  166  13:51  Marauder  
  173  13:57  Marauder, Marine  
  175  14:03  Marine  
  175  14:04  Marauder  
  155  14:17  Viking x2  
  155  14:22  Marine x2, Starport  
  155  14:23  Marauder, Marine  
  141  14:33  Marine  
  141  14:34  Marauder  
  141  14:37  Marauder, Marine  
  141  14:38  Marauder, Marine  
  120  14:40  Marine  
  120  14:41  Marine  
  120  14:45  Marauder, Marine  
  110  14:47  Viking x2  
  110  14:51  Marine  
  104  14:55  Marauder x2  
  104  14:56  Marauder  
  104  14:58  Marine x2  
  104  14:59  Marine  
  111  15:00  Marauder  
  111  15:03  Marine  
  111  15:05  Viking  
  111  15:06  Marauder, Viking  
  118  15:09  Marine  
  119  15:16  Marauder, Marine x3  
  119  15:17  Marine x2  
  119  15:20  Marine  
  119  15:21  Marine  
  123  15:25  Viking x2  
  123  15:27  Marauder  
  127  15:29  Marine  
  127  15:34  Marauder, Marine  
  129  15:36  Marauder, Marine  
  129  15:45  Viking  
  129  15:47  Marine  
  129  15:48  Marauder x2, Marine  
  132  15:50  Marine x2  
  132  15:53  Medivac  
  136  15:58  Marine x2  
  136  15:59  Marauder  
  136  16:01  Medivac  
  136  16:03  Medivac  
  144  16:07  Marine  
  144  16:08  Marine  
  146  16:15  Liberator x2, Medivac  
  148  16:22  Marine  
  148  16:23  Marauder  
  146  16:28  Marauder, Marine  
  146  16:29  Marine  
  146  16:30  Marauder  
  146  16:31  Liberator  
  151  16:33  Marauder, Marine x3  
  151  16:34  Liberator  
  152  16:45  Marauder, Marine  
  152  16:46  Marine  
  150  16:50  Marauder, Marine  
  158  17:01  Marauder x2, Marine x2  
  161  17:02  Marine  
  161  17:06  Marine  
  161  17:07  Marauder  
  159  17:11  Marauder  
  159  17:14  Marine  
  159  17:17  Marine  
  159  17:19  Marauder  
  159  17:20  Marauder  
  159  17:21  Medivac  
  155  17:24  Marine  
  155  17:25  Marine  
  155  17:29  Marine  
  154  17:30  Marauder  
  154  17:31  Medivac  
  154  17:34  Medivac, Liberator  
  158  17:40  Marine x2  
  160  17:45  Marine  
  160  17:46  Marauder  
  160  18:01  Medivac  
  160  18:04  Medivac  
  149  18:13  Marine x2  
  149  18:14  Marauder, Marine  
  149  18:15  Marine  
  149  18:16  Marauder x2, Marine x2  
  149  18:17  Marauder  
  148  18:31  Marine x3, Medivac  
  148  18:33  Marine  
  147  18:35  Marauder x2, Marine  
  147  18:37  Marine x2  
  147  18:38  Marine  
  151  18:49  Marine  
  151  18:52  Marine  
  151  18:53  Marauder  
  122  18:59  Marine x3  
  73  19:11  Marine x2  
  73  19:12  Marauder  
  73  19:14  Marine  
  73  19:16  Marine x2  
  72  19:18  Marine  
  72  19:21  Marine  
  72  19:23  Marine  
  72  19:24  Marine  
  73  19:29  Marine  
  73  19:30  Marine  
  70  19:32  Marine  
  70  19:37  Marine  
  72  19:41  Refinery  
  69  19:46  Marine  
  69  19:50  Marine  
  71  19:55  Marine  
  51  20:00  Marine  
Tags
 
Add a new tag
Caveats
  • Supply blocks, unpowered buildings, or Contaminate may cause inaccurate times.
  • Supply counts are checked every 10 seconds.